[ PARTIDA AOE2 · #506295708 ]
UnrankedFrancos vs Slavs
Equipo del jugador · DERR
Equipo rival · VICT
[ ANÁLISIS DE REPETICIÓN · EXTRAÍDO DE LA PARTIDA GRABADA ]
Feudal
10:17
Castillos
21:55
Imperial
37:47
| APM promedio | 41.3 |
| APM pico | 104 |
| eAPM promedio | 18.2 |
| Aldeanos / militares | 133 / 50 |
Foco
⚔️ 26.1% · 🌾 73.9%
Knight ×34 · Monk ×6 · Throwing Axeman ×6 · Scout Cavalry ×4
Feudal
11:47
Castillos
19:27
Imperial
37:35
| APM promedio | 26.7 |
| APM pico | 80 |
| eAPM promedio | 14.0 |
| Aldeanos / militares | 119 / 114 |
Foco
⚔️ 41.9% · 🌾 58.1%
Spearman ×75 · Knight ×22 · Battering Ram ×13 · Militia ×3 · Scout Cavalry ×1
Mapa de la partida
Recursos iniciales + cada clic de construcción. Líneas = muros · curvas = relieve. ◆ oro · ⬟ piedra · ● bayas · ✦ reliquia · ◌ hueco del cierre
Tu base· ✓ Cerrada en 21:55 · 68t muro · 1 puerta(s)
Base de Dwight5rhute010· ✓ Cerrada en 19:27 · 49t muro · 1 puerta(s)
Terreno inicial suavizado · ◌ = hueco del cierre detectado · pasá el cursor para detalles
Inputs por minuto
— Windows97 - - Dwight5rhute010
Build order — Windows97
Primeras 150 de 267 acciones detectadas
| 0:01 | Encolar | Villager (Male) |
| 0:01 | Encolar | Villager (Male) |
| 0:02 | Construir | House |
| 0:03 | Construir | House |
| 0:14 | Encolar | Villager (Male) |
| 0:19 | Encolar | Villager (Male) |
| 1:24 | Encolar | Villager (Male) |
| 1:24 | Encolar | Villager (Male) |
| 1:58 | Encolar | Villager (Male) |
| 1:58 | Encolar | Villager (Male) |
| 2:23 | Construir | House |
| 2:27 | Encolar | Villager (Male) |
| 2:27 | Encolar | Villager (Male) |
| 2:43 | Construir | Lumber Camp |
| 2:48 | Construir | House |
| 2:54 | Encolar | Villager (Male) |
| 2:55 | Encolar | Villager (Male) |
| 2:55 | Encolar | Villager (Male) |
| 3:31 | Encolar | Villager (Male) |
| 3:32 | Encolar | Villager (Male) |
| 3:50 | Encolar | Villager (Male) |
| 4:09 | Encolar | Villager (Male) |
| 4:19 | Encolar | Villager (Male) |
| 4:19 | Encolar | Villager (Male) |
| 5:02 | Construir | Mill |
| 5:28 | Encolar | Villager (Male) |
| 5:50 | Encolar | Villager (Male) |
| 5:59 | Encolar | Villager (Male) |
| 6:52 | Encolar | Villager (Male) |
| 6:53 | Encolar | Villager (Male) |
| 6:57 | Construir | Barracks |
| 7:02 | Encolar | Villager (Male) |
| 7:21 | Investigar | Loom |
| 7:56 | Construir | Mining Camp |
| 7:59 | Investigar | Feudal Age |
| 8:42 | Construir | House |
| 9:03 | Construir | House |
| 9:04 | Construir | Palisade Wall |
| 9:10 | Construir | House |
| 9:14 | Construir | Palisade Wall |
| 9:19 | Construir | Palisade Wall |
| 9:21 | Construir | Palisade Wall |
| 9:21 | Construir | Palisade Wall |
| 9:23 | Construir | Palisade Wall |
| 9:28 | Construir | Palisade Wall |
| 9:33 | Encolar | Villager (Male) |
| 10:01 | Encolar | Villager (Male) |
| 10:17 | Edad | Edad Feudal |
| 10:19 | Construir | Stable |
| 10:42 | Investigar | Double-Bit Axe |
| 11:11 | Encolar | Villager (Male) |
| 11:21 | Encolar | Villager (Male) |
| 11:30 | Encolar | Villager (Male) |
| 11:31 | Encolar | Scout Cavalry |
| 11:32 | Encolar | Scout Cavalry |
| 11:42 | Construir | Lumber Camp |
| 11:46 | Construir | Farm |
| 11:46 | Construir | Farm |
| 11:50 | Construir | Palisade Wall |
| 11:52 | Construir | Palisade Wall |
| 11:59 | Construir | Palisade Wall |
| 11:59 | Encolar | Villager (Male) |
| 12:12 | Encolar | Villager (Male) |
| 12:29 | Encolar | Villager (Male) |
| 13:15 | Encolar | Villager (Male) |
| 13:19 | Construir | House |
| 13:20 | Construir | House |
| 13:24 | Encolar | Villager (Male) |
| 13:36 | Construir | Farm |
| 13:36 | Construir | Farm |
| 13:37 | Construir | Farm |
| 13:39 | Construir | Farm |
| 13:42 | Construir | Farm |
| 13:45 | Construir | Farm |
| 13:47 | Construir | Farm |
| 13:48 | Encolar | Villager (Male) |
| 13:48 | Encolar | Villager (Male) |
| 13:51 | Encolar | Scout Cavalry |
| 14:14 | Construir | Palisade Wall |
| 14:39 | Construir | Palisade Wall |
| 14:41 | Construir | Palisade Wall |
| 15:04 | Investigar | Wheelbarrow |
| 15:14 | Construir | Farm |
| 15:19 | Construir | Farm |
| 15:20 | Construir | Mill |
| 15:33 | Construir | Farm |
| 15:36 | Construir | Farm |
| 16:01 | Construir | Farm |
| 16:32 | Encolar | Villager (Male) |
| 16:47 | Construir | Farm |
| 16:49 | Construir | Farm |
| 16:51 | Construir | Farm |
| 16:53 | Construir | Mill |
| 17:01 | Encolar | Villager (Male) |
| 17:14 | Encolar | Villager (Male) |
| 17:25 | Construir | Farm |
| 17:35 | Construir | Palisade Gate |
| 17:42 | Construir | Farm |
| 17:57 | Construir | House |
| 17:58 | Construir | House |
| 18:00 | Encolar | Villager (Male) |
| 18:19 | Construir | Farm |
| 18:23 | Encolar | Villager (Male) ×5 |
| 18:29 | Construir | Market |
| 19:02 | Investigar | Castle Age |
| 19:02 | Investigar | Castle Age |
| 19:02 | Investigar | Castle Age |
| 19:02 | Investigar | Castle Age |
| 19:02 | Investigar | Castle Age |
| 19:11 | Construir | House |
| 19:12 | Construir | House |
| 19:15 | Encolar | Villager (Male) |
| 19:21 | Encolar | Scout Cavalry |
| 19:43 | Investigar | Gold Mining |
| 19:54 | Construir | Stable |
| 20:18 | Construir | Blacksmith |
| 20:20 | Construir | House |
| 21:01 | Investigar | Forging |
| 21:01 | Investigar | Scale Mail Armor |
| 21:03 | Investigar | Scale Barding Armor |
| 21:30 | Construir | House |
| 21:43 | Construir | House |
| 21:55 | Edad | Edad de los Castillos |
| 22:00 | Encolar | Knight |
| 22:04 | Encolar | Knight |
| 22:11 | Construir | Monastery |
| 22:14 | Construir | House |
| 22:18 | Construir | House |
| 22:22 | Construir | House |
| 22:25 | Construir | House |
| 22:45 | Encolar | Knight ×5 |
| 22:54 | Encolar | Monk |
| 23:02 | Investigar | Hand Cart |
| 23:12 | Encolar | Knight |
| 23:12 | Encolar | Knight |
| 23:12 | Encolar | Villager (Male) |
| 24:12 | Encolar | Knight ×4 |
| 24:15 | Encolar | Villager (Male) |
| 24:41 | Encolar | Monk |
| 25:03 | Construir | Farm |
| 25:08 | Encolar | Villager (Male) |
| 25:10 | Encolar | Villager (Male) |
| 25:18 | Construir | Lumber Camp |
| 25:21 | Investigar | Bow Saw |
| 25:21 | Investigar | Bow Saw |
| 25:22 | Encolar | Villager (Male) |
| 25:27 | Encolar | Knight |
| 25:27 | Encolar | Knight |
| 25:27 | Investigar | Husbandry |
| 25:42 | Encolar | Villager (Male) |
Build order — Dwight5rhute010
Primeras 150 de 347 acciones detectadas
| 0:00 | Encolar | Villager (Male) |
| 0:01 | Encolar | Villager (Male) |
| 0:01 | Encolar | Villager (Male) |
| 0:02 | Encolar | Villager (Male) |
| 0:02 | Encolar | Villager (Male) |
| 0:03 | Construir | House |
| 0:04 | Construir | House |
| 1:31 | Encolar | Villager (Male) |
| 1:49 | Construir | Lumber Camp |
| 2:10 | Encolar | Villager (Male) |
| 2:30 | Encolar | Villager (Male) |
| 2:58 | Encolar | Villager (Male) |
| 3:14 | Encolar | Villager (Male) |
| 3:44 | Encolar | Villager (Male) |
| 3:55 | Construir | House |
| 4:07 | Construir | House |
| 4:16 | Encolar | Villager (Male) |
| 4:38 | Encolar | Villager (Male) |
| 5:08 | Construir | Barracks |
| 5:15 | Encolar | Villager (Male) |
| 5:26 | Encolar | Villager (Male) |
| 5:42 | Encolar | Villager (Male) |
| 6:14 | Construir | Mill |
| 6:25 | Encolar | Militia |
| 6:38 | Encolar | Villager (Male) |
| 6:43 | Encolar | Militia |
| 6:54 | Encolar | Villager (Male) |
| 7:11 | Construir | Palisade Wall |
| 7:16 | Encolar | Militia |
| 7:23 | Construir | House |
| 7:27 | Construir | Palisade Wall |
| 7:30 | Encolar | Villager (Male) |
| 7:49 | Encolar | Villager (Male) |
| 8:14 | Encolar | Villager (Male) |
| 8:44 | Encolar | Villager (Male) |
| 8:48 | Construir | House |
| 9:27 | Construir | House |
| 9:28 | Construir | Palisade Wall |
| 9:37 | Investigar | Feudal Age |
| 9:39 | Investigar | Loom |
| 10:06 | Construir | House |
| 10:12 | Construir | Farm |
| 10:15 | Construir | Farm |
| 10:18 | Construir | Farm |
| 10:38 | Construir | Palisade Wall |
| 10:47 | Construir | Farm |
| 11:20 | Encolar | Villager (Male) |
| 11:23 | Encolar | Villager (Male) |
| 11:37 | Construir | House |
| 11:39 | Encolar | Villager (Male) |
| 11:42 | Construir | House |
| 11:47 | Construir | Farm |
| 11:47 | Edad | Edad Feudal |
| 11:49 | Construir | Farm |
| 11:58 | Investigar | Double-Bit Axe |
| 12:22 | Encolar | Villager (Male) |
| 12:39 | Construir | Farm |
| 12:51 | Construir | Archery Range |
| 13:14 | Construir | Farm |
| 13:17 | Construir | Farm |
| 13:22 | Encolar | Villager (Male) |
| 13:29 | Encolar | Villager (Male) |
| 13:35 | Construir | Lumber Camp |
| 13:43 | Encolar | Villager (Male) |
| 13:56 | Construir | Palisade Wall |
| 13:59 | Construir | Palisade Wall |
| 14:01 | Encolar | Villager (Male) |
| 14:05 | Construir | Palisade Wall |
| 14:37 | Construir | Farm |
| 14:39 | Construir | Farm |
| 14:43 | Encolar | Villager (Male) |
| 15:04 | Construir | Mining Camp |
| 15:19 | Construir | Farm |
| 15:42 | Encolar | Villager (Male) |
| 15:54 | Construir | Blacksmith |
| 15:55 | Encolar | Villager (Male) |
| 16:01 | Encolar | Villager (Male) |
| 16:09 | Construir | Farm |
| 16:37 | Investigar | Castle Age |
| 16:49 | Construir | Stable |
| 17:13 | Construir | Stable |
| 17:37 | Construir | Farm |
| 17:48 | Construir | Farm |
| 18:02 | Construir | Farm |
| 18:07 | Investigar | Bloodlines |
| 18:13 | Construir | Farm |
| 18:18 | Encolar | Villager (Male) |
| 18:44 | Construir | Palisade Gate |
| 19:01 | Investigar | Scale Barding Armor |
| 19:16 | Encolar | Villager (Male) |
| 19:27 | Edad | Edad de los Castillos |
| 19:30 | Encolar | Knight |
| 19:30 | Encolar | Knight |
| 19:30 | Encolar | Knight |
| 19:31 | Encolar | Knight |
| 19:46 | Investigar | Horse Collar |
| 20:02 | Encolar | Villager (Male) |
| 20:22 | Investigar | Husbandry |
| 20:24 | Encolar | Villager (Male) |
| 20:41 | Encolar | Villager (Male) |
| 20:50 | Construir | Town Center |
| 20:54 | Encolar | Villager (Male) |
| 21:01 | Encolar | Scout Cavalry |
| 21:03 | Encolar | Knight |
| 21:03 | Encolar | Knight |
| 21:26 | Encolar | Villager (Male) |
| 21:28 | Encolar | Knight |
| 21:52 | Encolar | Knight |
| 21:53 | Encolar | Knight |
| 21:54 | Encolar | Villager (Male) |
| 22:16 | Encolar | Knight |
| 22:16 | Encolar | Knight |
| 22:41 | Encolar | Villager (Male) |
| 22:43 | Encolar | Villager (Male) |
| 22:49 | Encolar | Knight |
| 23:01 | Encolar | Knight |
| 23:02 | Encolar | Villager (Male) |
| 23:14 | Encolar | Villager (Male) |
| 23:26 | Construir | Farm |
| 23:30 | Construir | Farm |
| 23:31 | Construir | Farm |
| 23:32 | Construir | Farm |
| 23:32 | Construir | Farm |
| 23:32 | Construir | Farm |
| 23:33 | Construir | Farm |
| 23:33 | Construir | Farm |
| 23:33 | Construir | Farm |
| 23:33 | Construir | Farm |
| 23:34 | Construir | Farm |
| 23:34 | Construir | Farm |
| 23:36 | Construir | Farm |
| 23:37 | Encolar | Villager (Male) |
| 23:58 | Encolar | Villager (Male) |
| 24:11 | Encolar | Villager (Male) |
| 24:17 | Encolar | Villager (Male) |
| 24:29 | Encolar | Villager (Male) |
| 24:34 | Encolar | Villager (Male) |
| 24:38 | Encolar | Villager (Male) |
| 24:40 | Encolar | Knight |
| 24:41 | Encolar | Knight |
| 24:41 | Encolar | Knight |
| 24:46 | Encolar | Villager (Male) |
| 24:55 | Encolar | Knight |
| 25:13 | Encolar | Spearman |
| 25:14 | Encolar | Spearman |
| 25:14 | Encolar | Spearman |
| 25:23 | Construir | Farm |
| 25:28 | Encolar | Villager (Male) |
| 25:34 | Investigar | Bow Saw |
| 25:52 | Construir | Town Center |
Cronología de la partida
| 5:08 | Dwight5rhute010 · first_building Barracks |
| 6:57 | Windows97 · first_building Barracks |
| 7:11 | Dwight5rhute010 · wall_segment Palisade Wall x10 |
| 7:27 | Dwight5rhute010 · wall_segment Palisade Wall x10 |
| 9:04 | Windows97 · wall_segment Palisade Wall x1 |
| 9:14 | Windows97 · wall_segment Palisade Wall x1 |
| 9:19 | Windows97 · wall_segment Palisade Wall x2 |
| 9:21 | Windows97 · wall_segment Palisade Wall x1 |
| 9:21 | Windows97 · wall_segment Palisade Wall x1 |
| 9:23 | Windows97 · wall_segment Palisade Wall x1 |
| 9:28 | Windows97 · wall_segment Palisade Wall x1 |
| 9:28 | Dwight5rhute010 · wall_segment Palisade Wall x5 |
| 10:17 | Windows97 · age_up feudal |
| 10:19 | Windows97 · first_building Stable |
| 10:38 | Dwight5rhute010 · wall_segment Palisade Wall x10 |
| 11:47 | Dwight5rhute010 · age_up feudal |
| 11:50 | Windows97 · wall_segment Palisade Wall x20 |
| 11:52 | Windows97 · wall_segment Palisade Wall x3 |
| 11:59 | Windows97 · wall_segment Palisade Wall x1 |
| 12:51 | Dwight5rhute010 · first_building Archery Range |
| 13:56 | Dwight5rhute010 · wall_segment Palisade Wall x4 |
| 13:59 | Dwight5rhute010 · wall_segment Palisade Wall x5 |
| 14:05 | Dwight5rhute010 · wall_segment Palisade Wall x6 |
| 14:14 | Windows97 · wall_segment Palisade Wall x8 |
| 14:39 | Windows97 · wall_segment Palisade Wall x12 |
| 14:41 | Windows97 · wall_segment Palisade Wall x17 |
| 16:49 | Dwight5rhute010 · first_building Stable |
| 19:27 | Dwight5rhute010 · age_up castle |
| 21:55 | Windows97 · age_up castle |
| 22:11 | Windows97 · first_building Monastery |
| 26:04 | Dwight5rhute010 · first_building Monastery |
| 27:41 | Dwight5rhute010 · wall_segment Palisade Wall x1 |
| 29:24 | Windows97 · wall_segment Stone Wall x10 |
| 29:28 | Windows97 · wall_segment Stone Wall x19 |
| 30:16 | Windows97 · wall_segment Stone Wall x6 |
| 31:11 | Dwight5rhute010 · first_building Castle |
| 32:19 | Windows97 · wall_segment Stone Wall x8 |
| 32:30 | Dwight5rhute010 · first_building Siege Workshop |
| 33:24 | Windows97 · first_building Castle |
| 34:42 | Windows97 · wall_segment Stone Wall x15 |
| 34:45 | Windows97 · wall_segment Stone Wall x11 |
| 34:52 | Windows97 · wall_segment Stone Wall x9 |
| 34:55 | Windows97 · wall_segment Stone Wall x25 |
| 35:16 | Dwight5rhute010 · wall_segment Palisade Wall x22 |
| 37:35 | Dwight5rhute010 · age_up imperial |
| 37:47 | Windows97 · age_up imperial |
| 38:39 | Windows97 · first_market_sell 100 stone |
| 38:43 | Windows97 · first_market_buy 500 wood |
| 39:55 | Windows97 · first_building Siege Workshop |
| 40:12 | Windows97 · resign |
[ ANÁLISIS IA · 1 CRÉDITO ]
¿Qué pasó realmente en esta partida?
Wolo.gg analiza cada decisión: build order, eco, micro, errores típicos por bracket. Análisis personalizado por WhatsApp o Discord en 30 segundos.
Guía civ
Francos
Perfil
Jugador #2484766